 Dungeon Crawl Stone Soup version 0.22.0-6-g71bd7aa (webtiles) character file.

553 4thArraOfDagon the Ruffian (level 7, -1/71 HPs)
             Began as a Troll Monk on Aug 15, 2018.
             Slain by Grinder (8 damage)
             ... on level 4 of the Dungeon.
             The game lasted 00:04:07 (703 turns).

4thArraOfDagon the Ruffian (Troll Monk)              Turns: 703, Time: 00:04:07

Health: -1/71      AC:  5    Str: 20    XL:     7   Next: 8%
Magic:  6/6        EV: 10    Int:  8    God:
Gold:   68         SH:  0    Dex: 12    Spells: 6/6 levels left

rFire    . . .     SeeInvis .     - Unarmed
rCold    . . .     Gourm    +   (no shield)
rNeg     . . .     Faith    .   a - +0 robe
rPois    .         Spirit   .   (helmet restricted)
rElec    .         Reflect  .   (no cloak)
rCorr    .         Harm     .   (gloves unavailable)
MR       .....                  (boots unavailable)
Stlth    ++........             (no amulet)
HPRegen  0.61/turn              (no ring)
MPRegen  0.10/turn              (no ring)

@: studying Short Blades
A: large, unfitting armour, claws 3, fast metabolism 3, gourmand, regeneration
1, shaggy fur 1, tough skin 2
a: no special abilities


You were on level 4 of the Dungeon.
You were very full.

You visited 1 branch of the dungeon, and saw 7 of its levels.

You collected 68 gold pieces.

Inventory:

Armour
 a - a +0 robe (worn)
Scrolls
 c - a scroll of enchant armour {unknown}
 d - a scroll of fog {unknown}
 e - a scroll of brand weapon {unknown}
 f - a scroll of identify {unknown}
 h - a scroll of magic mapping {unknown}
Books
 g - a manual of Short Blades
Comestibles
 b - 6 rations


   Skills:
 + Level 4.3 Fighting
 - Level 2.4 Dodging
 - Level 1.0 Stealth
 * Level 6.8 Unarmed Combat


You had 6 spell levels left.
You didn't know any spells.
Your spell library was empty.

Dungeon Overview and Level Annotations

Branches:
Dungeon (7/15)
 Temple: D:4-7

Altars:
Kikubaaqudgha
Xom

Annotations:
D:4 Grinder


Innate Abilities, Weirdness & Mutations

You are too large for most types of armour.
You have claws for hands.
Your metabolism is lightning-fast.
You like to eat raw meat.
Your natural rate of healing is unusually fast.
You are covered in fur. (AC +1)
You have very tough skin. (AC +2)


Message History

You have reached level 7!
Unknown command.
Unknown command.
Grinder gestures at you.
You suddenly lose the ability to move!
You can move again.
There is an open door here.
You completely miss Grinder.
Grinder is moderately wounded.
Grinder hits you.
* * * LOW HITPOINT WARNING * * *
You writhe in agony.
* * * LOW HITPOINT WARNING * * *
Unknown command.
Unknown command.
You closely miss Grinder.
Grinder is moderately wounded.
You hear the rapid hiss of a very distant avalanche of sand.
Grinder hits you!
You die...

...............>....########
....................#
.....?..............#
....................#
....................#
....................#
....................#
................5...###
#'#######.....##@###..#
....# +.....#.......# ....#
#... #.......# ....# #.M
#.......# ....# #. #.......#
....+ # #.......# ....#
#.......# ....# #.......#
##### ###....##


You could see Grinder.

Vanquished Creatures
  Menkaure (D:4)
  A water moccasin (D:7)
  A centaur (D:7)
  3 bullfrogs
  A worker ant (D:6)
  An adder (D:7)
  A shadow imp (D:7)
  2 oozes (D:1)
  5 orcs
  A hobgoblin (D:3)
  A quokka (D:6)
  A bat (D:3)
  A frilled lizard (D:1)
  2 goblins
  2 kobolds (D:1)
  A leopard gecko skeleton (D:6)
  A quokka skeleton (D:6)
  A rat (D:1)
27 creatures vanquished.

Notes
Turn   | Place    | Note
-------+----------+-------------------------------------------
     0 | D:1      | 4thArraOfDagon the Troll Monk began the quest for the Orb.
     0 | D:1      | Reached XP level 1. HP: 22/22 MP: 0/0
    53 | D:1      | Reached XP level 2. HP: 29/29 MP: 1/1
   188 | D:4      | Found an ancient bone altar of Kikubaaqudgha.
   207 | D:4      | Noticed Grinder
   226 | D:5      | Entered Level 5 of the Dungeon
   232 | D:5      | Found a shimmering altar of Xom.
   234 | D:5      | Found a deep blue altar of Sif Muna.
   234 | D:5      | Found a shadowy altar of Dithmenos.
   236 | D:5      | Found a shimmering altar of Xom.
   236 | D:5      | Found a burning altar of Makhleb.
   236 | D:5      | Found a burning altar of Makhleb.
   295 | D:6      | Noticed a bullfrog
   298 | D:6      | Killed a bullfrog
   298 | D:6      | Reached skill level 4 in Unarmed Combat
   298 | D:6      | Reached XP level 3. HP: 34/37 MP: 2/2
   298 | D:6      | Reached XP level 4. HP: 42/45 MP: 3/3
   362 | D:6      | Noticed a bullfrog
   375 | D:6      | Killed a bullfrog
   375 | D:6      | Reached skill level 5 in Unarmed Combat
   375 | D:6      | Reached XP level 5. HP: 46/53 MP: 4/4
   487 | D:7      | Noticed a water moccasin
   498 | D:7      | Killed a water moccasin
   498 | D:7      | Reached XP level 6. HP: 28/62 MP: 5/5
   552 | D:7      | Reached skill level 6 in Unarmed Combat
   677 | D:4      | Noticed Menkaure
   689 | D:4      | Paralysed by Grinder for 6 turns
   699 | D:4      | Killed Menkaure
   699 | D:4      | Reached XP level 7. HP: 13/71 MP: 6/6
   700 | D:4      | Paralysed by Grinder for 2 turns
   703 | D:4      | Slain by Grinder

Skill      XL: |  1  2  3  4  5  6 |
---------------+-------------------+-----
Fighting       | 3 4 |  4.3
Unarmed Combat | 4 5 6 |  6.8
Dodging        | |  2.4
Stealth        | |  1.0

Action                   |  1- 3 |  4- 6 |  7- 9 || total
-------------------------+-------+-------+-------++-------
Melee: Unarmed           |    28 |    82 |     2 ||   112
       Punch             |     1 |       |       ||     1
 Stab: Sleeping          |     1 |     3 |       ||     4
  Eat: Chunk             |     3 |     8 |       ||    11
Armor: Robe              |    12 |    22 |       ||    34
Dodge: Dodged            |    18 |    36 |       ||    54
